Map: [ESL] Waterfall

Players

Kelazhur

  • Race: Terran Terran
  • Spawn Location: 1:00

SpeCial - Winner!

  • Race: Terran Terran
  • Spawn Location: 7:00

Event: DreamHack SC2 Masters 2022 Atlanta (Online)

VOD

Have the link to the VOD?

Description

Time

  • Played on: Oct. 2, 2022, 3:55 p.m.
  • Length: 10:36

All games in this series

Show
View Real Time Build Order
Export as new Build Order

Kelazhur Terran 

Build Orders:  

Get SALT Encoding   

  12  0:00  SCV  
  13  0:12  SCV  
  14  0:17  Supply Depot  
  14  0:24  SCV  
  15  0:38  SCV  
  15  0:39  Barracks  
  16  0:44  Refinery  
  16  0:51  SCV  
  17  0:59  Barracks  
  17  1:03  SCV  
  18  1:13  Refinery  
  18  1:15  SCV  
  19  1:27  Reaper  
  19  1:29  Supply Depot  
  20  1:42  Orbital Command  
  21  1:47  Reaper  
  21  1:59  Reaper  
  22  2:07  SCV  
  23  2:19  Reaper, SCV  
  25  2:31  SCV, Reaper  
  25  2:33  Factory  
  25  2:35  Supply Depot  
  27  2:43  SCV  
  28  2:51  Reaper  
  29  2:56  SCV  
  30  3:04  Reaper  
  30  3:08  SCV  
  30  3:11  Command Center  
  31  3:18  Hellion  
  33  3:21  SCV  
  34  3:29  Starport  
  34  3:34  SCV  
  34  3:43  Factory Tech Lab  
  34  3:47  Barracks Reactor, Barracks Tech Lab  
  34  3:48  SCV  
  35  4:02  Refinery, SCV  
  35  4:08  Siege Tank  
  38  4:11  Marine  
  39  4:22  Medivac  
  39  4:23  SCV, Orbital Command  
  42  4:25  Marine x2  
  42  4:28  Stimpack  
  42  4:29  Marine  
  45  4:36  SCV  
  45  4:38  Supply Depot  
  46  4:45  Marine x2  
  48  4:47  Marine  
  48  4:48  SCV  
  50  4:55  Siege Tank  
  50  4:57  SCV  
  50  4:58  Starport Reactor  
  54  5:03  SCV  
  55  5:07  Supply Depot  
  55  5:09  SCV  
  55  5:11  Marine x3  
  54  5:18  Viking  
  54  5:19  SCV  
  55  5:21  SCV  
  51  5:29  Marine x2  
  51  5:31  SCV  
  51  5:33  SCV  
  52  5:36  Cyclone  
  52  5:37  Marine  
  55  5:43  SCV  
  55  5:47  Marine  
  55  5:48  Marine  
  55  5:49  SCV  
  53  5:50  Starport Reactor  
  53  5:55  SCV, Marine  
  55  6:01  SCV  
  56  6:05  Marine  
  56  6:06  Marine  
  56  6:07  SCV  
  56  6:08  Supply Depot  
  56  6:09  Siege Tank  
  56  6:10  Combat Shield  
  62  6:25  Supply Depot  
  62  6:28  SCV x2, Marine  
  62  6:30  Medivac x2  
  62  6:31  Marine x2  
  71  6:40  SCV x2  
  71  6:44  Siege Tank  
  75  6:47  Marine  
  75  6:49  Marine x2  
  75  6:52  SCV x2  
  79  7:04  Supply Depot, SCV x2  
  79  7:06  Marine  
  81  7:14  Marine x2  
  83  7:16  SCV  
  83  7:22  SCV  
  85  7:24  Marine  
  85  7:25  Siege Tank  
  85  7:26  Command Center, Refinery  
  85  7:28  Viking  
  91  7:31  Marine x2  
  91  7:36  SCV  
  94  7:37  Supply Depot  
  94  7:59  SCV x2, Siege Tank, Marine x2  
  94  8:00  Supply Depot  
  94  8:01  Supply Depot  
  94  8:04  Engineering Bay x2, Marine  
  102  8:11  SCV  
  99  8:15  SCV  
  102  8:22  Medivac x2  
  102  8:23  SCV  
  102  8:24  Marine x2  
  102  8:25  Marine  
  108  8:28  SCV  
  108  8:33  Siege Tank  
  112  8:35  SCV  
  112  8:38  Orbital Command  
  112  8:40  SCV  
  114  8:47  SCV  
  115  8:52  SCV  
  116  8:56  Marine x3  
  116  8:58  Medivac  
  116  8:59  SCV  
  116  9:00  Medivac  
  124  9:04  SCV  
  124  9:05  Supply Depot, Siege Tank  
  124  9:09  Barracks, SCV  
  129  9:12  SCV  
  129  9:14  Marine x2  
  132  9:17  SCV  
  132  9:21  Supply Depot  
  132  9:24  Armory  
  133  9:29  Medivac  
  133  9:30  Medivac  
  134  9:32  SCV  
  134  9:34  Marine x2  
  137  9:46  Marine  
  137  9:51  Refinery, Barracks, Command Center  
  137  9:52  Barracks  
  138  9:55  Sensor Tower  
  138  9:58  Marine  
  130  10:00  SCV, Marine  
  130  10:02  Medivac x2  
  130  10:04  Marine  
  130  10:05  SCV, Marine  
  130  10:12  SCV  
Show
View Real Time Build Order
Export as new Build Order

SpeCial Terran - Winner!

Build Orders:  

Get SALT Encoding   

  12  0:00  SCV  
  13  0:12  SCV  
  14  0:17  Supply Depot  
  14  0:24  SCV  
  15  0:38  SCV  
  15  0:40  Barracks  
  16  0:43  Refinery  
  16  0:51  SCV  
  16  0:53  Refinery  
  17  1:03  SCV  
  18  1:15  SCV  
  19  1:28  Reaper, Orbital Command  
  20  1:34  Supply Depot  
  20  1:43  Factory  
  20  1:53  SCV  
  21  2:00  Reaper  
  22  2:05  SCV  
  23  2:17  SCV  
  24  2:27  Command Center  
  24  2:29  Hellion  
  26  2:32  SCV  
  26  2:35  Barracks Tech Lab  
  27  2:41  Supply Depot  
  27  2:49  SCV  
  27  3:01  Cyclone, SCV  
  27  3:05  Marine  
  29  3:08  Starport  
  29  3:13  SCV  
  29  3:22  Supply Depot  
  29  3:23  Barracks Tech Lab  
  29  3:25  SCV  
  30  3:33  Cyclone  
  33  3:37  SCV  
  32  3:46  Refinery  
  32  3:49  SCV  
  32  3:52  Banshee  
  36  3:55  Barracks Reactor  
  36  4:01  SCV  
  39  4:10  Widow Mine  
  39  4:12  Orbital Command  
  39  4:15  SCV  
  39  4:27  SCV  
  40  4:32  Marine x2  
  40  4:35  Raven  
  44  4:39  SCV x2  
  44  4:44  Siege Tank  
  49  4:49  Supply Depot  
  49  4:50  Marine x2  
  49  4:51  SCV x2  
  53  5:03  SCV x2  
  55  5:11  Command Center  
  55  5:12  Marine  
  54  5:16  SCV  
  54  5:19  Siege Tank  
  57  5:24  Marine  
  57  5:27  SCV  
  57  5:28  SCV  
  60  5:30  Marine  
  60  5:35  Raven  
  57  5:39  SCV  
  57  5:42  Marine  
  58  5:47  Marine  
  58  5:48  SCV  
  59  5:51  SCV  
  60  5:58  Siege Tank  
  60  5:59  Marine  
  60  6:01  SCV  
  60  6:03  SCV  
  66  6:05  Marine  
  67  6:13  SCV  
  67  6:15  SCV  
  67  6:17  Barracks  
  67  6:18  Barracks  
  69  6:23  Orbital Command  
  69  6:25  SCV, Refinery  
  70  6:27  SCV  
  70  6:30  Supply Depot, Viking  
  73  6:35  Viking  
  73  6:36  Marine  
  73  6:39  SCV  
  77  6:42  Siege Tank  
  77  6:46  Stimpack  
  80  6:47  SCV  
  80  6:49  Orbital Command  
  80  6:51  SCV  
  80  6:54  Marine  
  82  7:00  SCV  
  84  7:02  Engineering Bay  
  84  7:03  Engineering Bay, SCV  
  84  7:04  Viking  
  87  7:10  Viking  
  87  7:12  SCV  
  91  7:15  SCV  
  91  7:16  SCV  
  91  7:19  Barracks Reactor x2  
  91  7:20  Marine  
  93  7:26  Supply Depot  
  93  7:29  Supply Depot  
  93  7:39  Terran Infantry Weapons Level 1  
  93  7:42  Sensor Tower  
  93  7:43  Missile Turret  
  93  7:47  SCV x3, Siege Tank  
  93  7:48  Supply Depot  
  99  7:54  Marine  
  99  7:57  Terran Infantry Armor Level 1  
  100  7:59  SCV x3  
  100  8:03  Marine x4  
  107  8:11  SCV x3  
  107  8:12  Marine  
  111  8:19  Siege Tank  
  113  8:21  Supply Depot, Medivac x2  
  117  8:28  SCV x3, Marine x4  
  117  8:31  Combat Shield  
  117  8:33  Marine  
  125  8:40  Barracks  
  125  8:42  Missile Turret  
  125  8:43  SCV x3, Barracks  
  125  8:46  Marine x3  
  125  8:48  Refinery  
  131  8:50  Marine  
  131  8:51  Marine  
  133  8:57  Refinery, SCV x3  
  133  8:59  Supply Depot  
  133  9:01  Supply Depot  
  133  9:02  Armory  
  133  9:04  Supply Depot  
  133  9:20  Medivac x2, Siege Tank, Marine  
  133  9:23  SCV x2, Marine x4  
  147  9:29  Barracks Reactor  
  147  9:30  Supply Depot  
  147  9:34  SCV  
  147  9:35  Supply Depot, SCV  
  147  9:36  Barracks Reactor  
  147  9:38  Marine  
  149  9:40  Marine x2  
  149  9:41  Marine  
  149  9:43  Marine  
  153  9:52  Siege Tank  
  156  9:55  Factory  
  156  9:56  Marine  
  156  9:57  Medivac x2  
  156  9:58  Marine x2  
  156  9:59  Marine  
  162  10:01  Marine  
  162  10:05  Marine x2  
  164  10:13  Marine  
  165  10:16  Marine x2  
Tags
 
Add a new tag
Caveats
  • Supply blocks, unpowered buildings, or Contaminate may cause inaccurate times.
  • Supply counts are checked every 10 seconds.